 Dungeon Crawl Stone Soup version 0.16.0-12-g7215832 (webtiles) character file.

138 SirDieALot the Conjurer (level 5, -5/28 HPs)
             Began as a Deep Elf Conjurer on Mar 18, 2015.
             Slain by an orc
             ... wielding a +0 hand axe
              (7 damage)
             ... on level 2 of the Dungeon.
             The game lasted 00:21:48 (2702 turns).

SirDieALot the Conjurer (Deep Elf Conjurer)         Turns: 2702, Time: 00:21:48

Health: -5/28      AC:  2    Str:  5    XL:     5   Next: 1%
Magic:  10/18      EV: 13    Int: 21    God:
Gold:   122        SH:  0    Dex: 15    Spells: 4 memorised, 2 levels left

rFire  . . .     SeeInvis .     i - +2 short sword (venom)
rCold  . . .     Clarity  .     a - +0 robe
rNeg   . . .     SustAb   .     (no shield)
rPois  .         Gourm    .     (no helmet)
rElec  .         Spirit   .     (no cloak)
rCorr  .         Warding  .     (no gloves)
rMut   .         Stasis   .     (no boots)
MR     .....                    (no amulet)
Stlth  ++........               (no ring)
                                (no ring)

@: not resistant to hostile enchantments, unstealthy
A: no striking features
a: no special abilities


You were on level 2 of the Dungeon.
You were not hungry.

You visited 1 branch of the dungeon, and saw 3 of its levels.

You collected 122 gold pieces.

Inventory:

Hand weapons
 h - a cursed -2 hunting sling
 i - a +2 short sword of venom (weapon)
 l - a +3 short sword
Missiles
 d - 13 bolts of frost (quivered)
 g - 69 stones
 k - 56 arrows
 o - 31 poisoned needles
 x - 25 bolts
Armour
 a - a +0 robe (worn)
 t - a +0 ring mail
 y - a +0 cloak
 C - a +0 pair of boots
Jewellery
 f - an uncursed amulet of warding {unknown}
 n - a cursed ring of loudness {unknown}
 r - an uncursed amulet of the gourmand {unknown}
 w - a +6 ring of dexterity {unknown}
Magical devices
 B - a wand of teleportation (4)
Scrolls
 q - 3 scrolls of identify {unknown}
 u - a scroll of enchant armour {unknown}
 v - a scroll of immolation {unknown}
 z - a scroll of recharging {unknown}
 A - a scroll of blinking {unknown}
Potions
 e - 2 potions of haste {unknown}
 m - a potion of invisibility {unknown}
 p - a potion of restore abilities {unknown}
Books
 c - a book of Conjurations

   Spells                             Type                      Level
   a - Magic Dart                     Conjuration                  1
   b - Searing Ray                    Conjuration                  2
   c - Dazzling Spray                 Conjuration/Hexes            3
   d - Fulminant Prism                Conjuration/Hexes            4
   e - Iskenderun's Mystic Blast      Conjuration                  4
   f - Iskenderun's Battlesphere      Conjuration/Charms           5
Comestibles
 b - a bread ration
 j - a slice of pizza
 s - 3 meat rations
 D - 3 chunks of flesh


   Skills:
 + Level 2.9 Dodging
 + Level 3.0 Stealth
 + Level 4.2 Spellcasting
 + Level 5.9 Conjurations
 + Level 0.6 Hexes


You had 2 spell levels left.
You knew the following spells:

 Your Spells              Type           Power        Failure   Level  Hunger
a - Magic Dart            Conj           ####         1%          1    None
b - Searing Ray           Conj           ####..       1%          2    #......
c - Dazzling Spray        Conj/Hex       ###.....     12%         3    ###....
d - Fulminant Prism       Conj/Hex       ###.......   34%         4    ####...


Dungeon Overview and Level Annotations

Branches:
Dungeon (3/15)

Altars:


Message History

* * * LOW HITPOINT WARNING * * *
Casting: Searing Ray
Confirm with . or Enter, or press ? or * to list all spells.
Aiming: Searing Ray
Press: ? - help, Shift-Dir - straight line, f/p - orc
Aim: an orc, wielding a hand axe and wearing a ring mail The searing ray hits the orc.
The orc is severely wounded.
The orc hits you with a hand axe.
* * * LOW HITPOINT WARNING * * *
Casting: Searing Ray
Confirm with . or Enter, or press ? or * to list all spells.
Aiming: Searing Ray
Press: ? - help, Shift-Dir - straight line, f/p - orc
Aim: an orc, wielding a hand axe and wearing a ring mail (severely wounded)
The searing ray misses the orc.
The searing ray hits the orc.
You kill the orc!
You have reached level 5!
The orc hits you with a hand axe!
You die...

# #...#...# #.#
########.# #...##..# #.#
#........# ##.###..##
#.# #.######## #.# ##..#
#.# #.# #######.####..#
#.# #.# ....#....#....#
#.# #.# ###.#.#..#....##
#.# #.#
#.#.#..#.....###.# #.#
#.#)#........o@..# #.#
###.#.#...####.#######.#
......#...####..#......#
###.###...#....>#.####.#
..#.#.....#.#####.# ###
#.#.#.#####..## #.#
#.#.#......)..###.#
#<#.########..<##.#
###.##### ##.###.#


You could see an orc.

Vanquished Creatures
  3 gnolls (D:2)
  Robin (D:2)
  2 adders (D:2)
  A giant mite (D:2)
  2 worms (D:2)
  3 orcs (D:2)
  4 bats
  2 giant cockroaches
  15 goblins
  2 hobgoblins (D:1)
  7 jackals
  2 ball pythons
  4 giant newts
  7 kobolds
  6 rats
61 creatures vanquished.

Notes
Turn   | Place    | Note
--------------------------------------------------------------
     0 | D:1      | SirDieALot, the Deep Elf Conjurer, began the quest for the Orb.
     0 | D:1      | Reached XP level 1. HP: 10/10 MP: 5/5
   259 | D:1      | Reached XP level 2. HP: 15/15 MP: 3/8
   499 | D:1      | Reached skill level 5 in Conjurations
   694 | D:1      | Learned a level 2 spell: Searing Ray
  1197 | D:2      | Reached XP level 3. HP: 15/19 MP: 0/11
  1391 | D:2      | Learned a level 3 spell: Dazzling Spray
  1630 | D:2      | Noticed Robin
  1645 | D:2      | Reached XP level 4. HP: 17/24 MP: 1/14
  1655 | D:2      | Killed Robin
  2307 | D:2      | Learned a level 4 spell: Fulminant Prism
  2702 | D:2      | Reached XP level 5. HP: 2/28 MP: 10/18
  2702 | D:2      | Slain by an orc

Action                   |  1- 3 |  4- 6 || total
-------------------------+-------+-------++-------
Melee: Dagger            |    10 |     7 ||    17
       Short sword       |       |     1 ||     1
 Cast: Magic Dart        |    77 |    34 ||   111
       Searing Ray       |     3 |    13 ||    16
       Dazzling Spray    |     1 |     4 ||     5
  Eat: Chunk             |     2 |     4 ||     6
